 Dungeon Crawl Stone Soup version 0.30-a0-802-gb92711bcdf (webtiles) character file.

Game seed: 3896772448532309341

6073 Monkooky the Cruncher (level 10, -1/69 (75) HPs)
             Began as a Tengu Delver on Feb 24, 2023.
             Was a Priest of Hepliaklqana.
             Slain by Joseph
             ... wielding a +6 quarterstaff of draining
              (23 damage)
             ... on level 8 of the Dungeon.
             The game lasted 00:25:12 (7141 turns).

Monkooky the Cruncher (Tengu Delver)                Turns: 7141, Time: 00:25:13

HP:   -1/69 (75)    AC:  4    Str: 13    XL:     10   Next: 87%
MP:   11/11         EV: 15    Int: 14    God:    Hepliaklqana [***...]
Gold: 552           SH:  0    Dex: 16    Spells: 6/9 levels left

rFire   . . .      SeeInvis .    f - staff of air
rCold   . . .      Faith    +    (no shield)
rNeg    + . .      Spirit   .    J - +2 robe {rN+}
rPois   +          Reflect  .    (helmet restricted)
rElec   +          Harm     .    y - scarf {repulsion}
rCorr   +          Rampage  .    (no gloves)
Will    .....                    (boots unavailable) Stlth
                                 n - amulet of faith
HPRegen 0.31/turn                B - ring of poison resistance
MPRegen 0.12/turn                N - ring of resist corrosion

@: berserking, flying quickly and evasively, drained, repel missiles, very quick
A: reduced essence, beak, talons 3, nimble flight
a: Renounce Religion, Recall Ancestor, Ancestor Identity, Transference


You were on level 8 of the Dungeon.
You worshipped Hepliaklqana.
Hepliaklqana was most pleased with you.
You visited 1 branch of the dungeon, and saw 8 of its levels.

You collected 552 gold pieces.

Inventory:

Hand Weapons
 a - a +0 short sword
 z - a +2 quarterstaff of speed
Missiles
 m - 61 poisoned darts (quivered)
 H - 4 curare-tipped darts
Armour
 b - a +0 leather armour
 v - a +0 ring mail
 y - a scarf of repulsion (worn)
 J - a +2 robe of positive energy (worn)
Magical Staves
 f - a staff of air (weapon)
Jewellery
 n - an amulet of faith (around neck)
 B - a ring of poison resistance (left hand)
 N - a ring of resist corrosion (right hand)
Wands
 g - a wand of digging (2)
 G - a wand of flame (15)
 I - a wand of mindburst (18)
 L - a wand of iceblast (10)
Scrolls
 c - 2 scrolls of fog
 d - a scroll of magic mapping
 e - 4 scrolls of fear
 o - 2 scrolls of noise
 p - 2 scrolls of silence
 r - a scroll of poison
 x - a scroll of enchant armour
 A - 2 scrolls of teleportation
 D - a scroll of acquirement
Potions
 h - a potion of ambrosia {unknown}
 i - 2 potions of mutation {unknown}
 j - 3 potions of flight {unknown}
 k - 3 potions of haste
 l - 3 potions of brilliance {unknown}
 q - 3 potions of lignification {unknown}
 s - 3 potions of invisibility
 t - 5 potions of heal wounds {unknown}
 w - 4 potions of curing {unknown}
 C - a potion of might {unknown}
 E - a potion of magic {unknown}
 F - a potion of cancellation {unknown}
 K - a potion of attraction {unknown}
 M - a potion of resistance {unknown}


   Skills:
 + Level 3.1 Fighting
 - Level 2.2 Short Blades
 - Level 12.0 Staves
 * Level 2.5 Dodging
 - Level 5.0 Stealth
 - Level 11.7 Air Magic
 - Level 7.0 Evocations


You had 6 spell levels left.
You knew the following spells:

 Your Spells              Type           Power      Damage    Failure   Level
a - Ozocubu's Armour      Ice            0%         N/A       65%         3

Your spell library contained the following spells:

 Spells                   Type           Power      Damage    Failure   Level
 Slow                     Hex            0%         N/A       28%         1
 Summon Small Mammal      Summ           0%         N/A       28%         1
 Call Canine Familiar     Summ           0%         N/A       65%         3
 Inner Flame              Hex/Fire       0%         N/A       65%         3
 Summon Guardian Golem    Hex/Summ       0%         N/A       65%         3
 Animate Dead             Necr           0%         N/A       96%         4
 Flame Wave               Conj/Fire      0%         2d4       96%         4
 Sticky Flame             Conj/Fire      0%         2d3       96%         4
 Borgnjor's Vile Clutch   Necr/Erth      0%         N/A       100%        5
 Death Channel            Necr           0%         N/A       100%        6
 Orb of Destruction       Conj           0%         9d5       100%        7
 Ozocubu's Refrigeration  Ice            0%         4d7       100%        7
 Spellforged Servitor     Conj/Summ      0%         N/A       100%        7


Dungeon Overview and Level Annotations

Branches:
Dungeon (8/15)             Temple (0/1) D:7
   Lair: D:8-11

Altars:
Ashenzari
Fedhas
Gozag
Hepliaklqana
Makhleb
Okawaru
Qazlal
Ru
Trog
The Shining One

Shops:
D:4 =

Annotations:
D:5 exclusion: yak
D:7 exclusion: downstairs
D:8 Joseph


Innate Abilities, Weirdness & Mutations

Your life essence is reduced to manifest your ancestor. (-10% HP)
You have a beak for a mouth.
You have claws for feet.
Your magical nature lets you fly swiftly and evasively.


Message History

Joseph unwields a +6 quarterstaff of draining.
Joseph wields a +2 sling of electrocution.
You hear the crackle of electricity.
Joseph shoots a sling bullet.
The sling bullet closely misses you.
Joseph unwields a +2 sling of electrocution.
It stops crackling.
Joseph wields a +6 quarterstaff of draining.
You sense an unholy aura.
Joseph drinks a potion.
Joseph goes berserk!
You swap places.
Joseph hits Zarja with a +6 quarterstaff of draining!
Joseph hits Zarja with a +6 quarterstaff of draining!
Zarja hits Joseph with a +0 flail.
Joseph hits Zarja with a +6 quarterstaff of draining!
Joseph hits Zarja but does no damage.
Zarja hits Joseph with a +0 flail.
Joseph hits Zarja with a +6 quarterstaff of draining!
Zarja is destroyed!
There is an open door here.
Aiming: Mindburst
Press: ? - help, Shift-Dir - straight line, f - Joseph
Aim: Joseph, wielding a +6 quarterstaff of draining, wearing a +0 leather armour and carrying a wand of iceblast (8) (lightly wounded, berserk, chance to affect: 73%)
Okay, then.
The air fills with toxic fumes!
As you read the scroll of poison, it crumbles to dust.
Joseph is engulfed in poison gas.
Joseph is poisoned.
Joseph is engulfed in poison gas.
Joseph looks even sicker.
Joseph rages.
Joseph attacks as you move away!
Joseph hits you with a +6 quarterstaff of draining!
You partially resist.
You feel drained.
Joseph is engulfed in poison gas.
Joseph looks even sicker.
Joseph looks as sick as possible!
Joseph hits you with a +6 quarterstaff of draining!!
* * * LOW HITPOINT WARNING * * *
You partially resist.
You feel drained.
Okay, then.
Okay, then.
A red film seems to cover your vision as you go berserk!
You feel yourself moving faster!
You feel mighty!
Joseph is engulfed in poison gas.
Joseph looks as sick as possible!
Joseph hits you with a +6 quarterstaff of draining!!
You die...

....#.).).#...######
##......###.##§._..##........
........# #..#§).).#§..######
........# #...§....§§...# #
#......!# #...§###§§§#..# #
....... #.#.§§#§§§##..# # . ....
#.##§§§§§§##..# #
..###.#####§##§§§§§§##..#########
#...#....§.§§'§@@§§§§............
#..######§##§§§§§§##...........
#....$......##§§§§§§##<##########
####....######§§§§§§####
####+#.....§§§§§§#
...........§###### ...........§#
.........#### .......#.#


You could see Joseph (berserk, extremely poisoned).

Vanquished Creatures
  Erica (D:8)
  A kobold demonologist (D:8)
  A troll (D:5)
  Prince Ribbit (D:5)
  A yak (D:7)
  Grum (D:8)
  2 water moccasins
  3 ice beasts
  2 orc warriors
  2 wolves (D:8)
  A phantom (D:6)
  3 kobold brigands (D:8)
  3 bullfrogs (D:7)
  A necrophage (D:7)
  A scorpion (D:4)
  2 wights (D:7)
  3 killer bees (D:8)
  A howler monkey (D:6)
  5 hounds
  A gnoll bouda (D:4)
  2 iguanas (D:6)
  An orc wizard (D:7)
  4 gnolls (D:8)
  6 adders
  2 shadow imps (D:7)
  A white imp (D:5)
  An ufetubus (D:5)
  A worm (D:3)
  12 orcs
  7 bats
  8 endoplasms
  A giant cockroach (D:3)
  6 goblins
  7 hobgoblins
  2 jackals (D:2)
  6 kobolds
  4 quokkas
  6 ball pythons
  3 frilled lizards
  5 rats
121 creatures vanquished.

Vanquished Creatures (collateral kills)
  3 yaks (D:7)
  2 water moccasins (D:7)
  2 sky beasts
  A wolf (D:8)
  An ogre (D:5)
  A phantom (D:4)
  7 kobold brigands (D:8)
  A necrophage (D:5)
  A gnoll sergeant (D:8)
  4 scorpions
  4 wights (D:7)
  A howler monkey (D:6)
  An orc priest (D:5)
  4 orc wizards
  Natasha (D:3)
  2 iguanas (D:6)
  An adder (D:6)
  4 gnolls
  14 orcs
  An endoplasm (D:2)
  3 goblins
  3 jackals (D:5)
  9 kobolds
  A quokka (D:2)
  A ball python (D:4)
  A frilled lizard (D:1)
74 creatures vanquished.

Vanquished Creatures (others)
  2 knights
  5 plants (D:8)
7 creatures vanquished.

Grand Total: 202 creatures vanquished

Notes
Turn   | Place    | Note
-------+----------+-------------------------------------------
     0 | D:5      | Monkooky the Tengu Delver began the quest for the Orb.
     0 | D:5      | Reached XP level 1. HP: 14/14 MP: 2/2
    20 | D:5      | Noticed a water moccasin
    34 | D:5      | Noticed a necrophage
    55 | D:5      | Noticed an orc wizard
    65 | D:4      | Noticed a scorpion
    70 | D:4      | Noticed a phantom
   193 | D:2      | Reached skill level 1 in Air Magic
   208 | D:2      | Reached XP level 2. HP: 19/19 MP: 3/3
   293 | D:2      | Reached skill level 1 in Evocations
   323 | D:2      | Found a burning altar of Makhleb.
   423 | D:1      | Reached XP level 3. HP: 23/23 MP: 4/4
   502 | D:1      | Found a faded altar of an unknown god.
   506 | D:1      | Got Plato's Monograph on Misfortune
   507 | D:1      | Prayed at the altar of an unknown god.
   507 | D:1      | Became a worshipper of Hepliaklqana the Forgotten
   507 | D:1      | Reached * piety under Hepliaklqana
  1595 | D:3      | Reached XP level 4. HP: 25/25 MP: 5/5
  1610 | D:3      | Learned a level 3 spell: Ozocubu's Armour
  1891 | D:3      | Found a bloodstained altar of Trog.
  1971 | D:3      | Found a broken altar of Ashenzari.
  1976 | D:3      | Noticed Natasha
  1983 | D:3      | Killed Natasha
  1984 | D:3      | Gained mutation: Your magical nature lets you fly swiftly
                  | and evasively. [Tengu growth]
  1984 | D:3      | Reached XP level 5. HP: 28/28 MP: 6/6
  2059 | D:3      | Found an opulent altar of Gozag.
  2059 | D:3      | Reached ** piety under Hepliaklqana
  2060 | D:3      | Remembered your ancestor Zarja as a knight
  2252 | D:4      | Killed a phantom
  2253 | D:4      | Reached skill level 5 in Air Magic
  2369 | D:4      | Reached skill level 2 in Staves
  2369 | D:4      | Reached XP level 6. HP: 33/33 MP: 7/7
  2373 | D:4      | Found a stormy altar of Qazlal.
  2487 | D:4      | Found Ikliuf's Jewellery Boutique.
  2900 | D:4      | Reached XP level 7. HP: 36/36 MP: 8/8
  3412 | D:5      | Noticed a troll
  3423 | D:5      | Killed a troll
  3424 | D:5      | Reached XP level 8. HP: 28/41 MP: 6/9
  3426 | D:5      | Reached skill level 5 in Evocations
  3527 | D:5      | Reached skill level 10 in Air Magic
  3552 | D:5      | Noticed Prince Ribbit
  3696 | D:5      | Killed Prince Ribbit
  3931 | D:5      | Noticed a yak
  4082 | D:6      | Reached XP level 9. HP: 33/45 MP: 10/10
  4591 | D:6      | Reached *** piety under Hepliaklqana
  4771 | D:6      | Reached skill level 3 in Staves
  4924 | D:7      | Found a sacrificial altar of Ru.
  5059 | D:7      | Identified a scroll of acquirement
  5071 | D:7      | Found a staircase to the Ecumenical Temple.
  5102 | D:7      | Reached skill level 4 in Staves
  5186 | D:7      | Reached skill level 5 in Staves
  5235 | D:7      | Reached skill level 6 in Staves
  5463 | D:7      | Reached skill level 7 in Staves
  5817 | D:7      | Reached skill level 8 in Staves
  5817 | D:7      | Reached XP level 10. HP: 46/50 MP: 11/11
  6025 | D:7      | Reached skill level 9 in Staves
  6277 | D:8      | Found an iron altar of Okawaru.
  6288 | D:8      | Noticed Grum
  6450 | D:8      | Killed Grum
  6608 | D:8      | Noticed a kobold demonologist
  6618 | D:8      | Killed a kobold demonologist
  6619 | D:8      | Reached skill level 10 in Staves
  6763 | D:8      | Reached skill level 11 in Staves
  6976 | D:8      | Found a glowing golden altar of the Shining One.
  6998 | D:8      | Noticed Erica
  7006 | D:8      | Killed Erica
  7038 | D:8      | Reached skill level 12 in Staves
  7051 | D:8      | Found a blossoming altar of Fedhas.
  7119 | D:8      | Noticed Joseph
  7141 | D:8      | Slain by Joseph

Illustrated notes

Levels and vault maps discovered:
D:1:      dpeg_arrival_connections, layout_loops_corners,
          shapermc_ecumenical_altar_rom_forum, roderic_roman_lattice,
          glass_columns_a
D:2:      layout_rooms, basic_altar
D:3:      layout_basic, nicolae_ashenzari_skybound, nicolae_gozag_seed_capital,
          lightli_temple_of_fire, uniq_natasha
D:4:      layout_gridville, lemuel_doored_altar, serial_shops,
          nicolae_shop_trees
D:5:      layout_basic, uniq_prince_ribbit1
D:6:      nicolae_BIG_FREAKIN_CUBE, layout_cave_pods
D:7:      layout_loops_cross, nicolae_ru_great_annihilating_truth,
          minmay_temple_entry_sparse_star
D:8:      layout_basic, tso_oasis_becter, fedhas_ov_isle_minmay,
          okawaru_ov_weapons_minmay, special_room [special_room_kobold],
          uniq_joseph, uniq_grum, uniq_erica

Skill      XL: |  1  2  3  4  5  6  7  8  9 10 |
---------------+-------------------------------+-----
Air Magic      | 2 3 4 5 7 9 11 | 11.7
Evocations     | 1 2 3 4 6 7 |  7.0
Staves         | 2 8 12 | 12.0
Fighting       | |  3.1
Short Blades   | |  2.2
Dodging        | |  2.5
Stealth        | |  5.0

Action                     |  1- 3 |  4- 6 |  7- 9 | 10-12 || total
---------------------------+-------+-------+-------+-------++-------
  Melee: Short sword       |     8 |       |       |       ||     8
         Kick              |    22 |    26 |    45 |    31 ||   124
         Staff             |    63 |    85 |   135 |    88 ||   371
         Punch             |     1 |     1 |     1 |     1 ||     4
         Peck              |    10 |    11 |    32 |    13 ||    66
         Quarterstaff      |       |       |     5 |       ||     5
  Throw: Dart              |       |       |    35 |    21 ||    56
 Invoke: Recall Ancestor   |       |     1 |     7 |     3 ||    11
         Ancestor Life: Kn |       |     1 |       |       ||     1
         Transference      |       |       |       |     1 ||     1
  Evoke: Wand              |     2 |       |       |       ||     2
    Use: Scroll            |     1 |       |     9 |     2 ||    12
         Potion            |     1 |       |       |     1 ||     2
   Stab: Sleeping          |    12 |     4 |     7 |     2 ||    25
         Distracted        |       |     2 |       |       ||     2
 Armour: Leather armour    |    13 |       |       |       ||    13
         Ring mail         |     3 |    20 |    27 |     1 ||    51
         Robe              |       |       |       |     4 ||     4
  Dodge: Dodged            |    54 |    55 |    77 |    52 ||   238

Table legend: (Time is in decaauts)
 A = Elapsed time spent in this place.
 B = Non-inter-level travel time spent in this place.
 C = Inter-level travel time spent in this place.
 D = Time resting spent in this place.
 E = Time spent auto-exploring this place.
 F = Levels seen in this place.
 G = Mean time per level.
                   A        B        C        D        E       F      G
               +--------+--------+--------+--------+--------+-----+--------+
         Total |   7024 |   6821 |    203 |    546 |   4644 |   8 |  878.0 |
       Dungeon |   7024 |   6821 |    203 |    546 |   4644 |   8 |  878.0 |
               +--------+--------+--------+--------+--------+-----+--------+

Top non-repeatable levels by time:
     D:7: 1595 daAuts
     D:1: 988 daAuts
     D:6: 939 daAuts
     D:5: 929 daAuts
     D:4: 736 daAuts
     D:3: 731 daAuts
     D:8: 603 daAuts
     D:2: 501 daAuts
